 Dungeon Crawl Stone Soup version 0.30-a0-125-g51eefa89be (webtiles) character file.

Game seed: 13041044728640350588

1603337 Ofeo the Sorcerer (level 27, 189/189 HPs)
             Began as a Djinni Cinder Acolyte on Sept 17, 2022.
             Was a Follower of Ignis.
             Escaped with the Orb
             ... and 3 runes on Sept 18, 2022!
             The game lasted 04:31:18 (73748 turns).

Ofeo the Sorcerer (Djinni Cinder Acolyte)          Turns: 73748, Time: 04:31:19

Health: 189/189    AC: 18    Str: 15    XL:     27
Gold:   4128       EV: 19    Int: 33    God:    Ignis [*.....] SH: 18 Dex: 12

rFire   + + +      SeeInvis +    b - staff of conjuration
rCold   + . .      Faith    .    U - +5 kite shield {AC+3}
rNeg    . . .      Spirit   .    k - +2 robe {Archmagi}
rPois   ∞          Reflect  .    K - +2 helmet "Oseph" {rCorr Str+3 Dex-3}
rElec   +          Harm     .    j - +4 dragonskin cloak
rCorr   +          Rampage  .    M - +2 pair of gloves of Urphotul {rC++}
Will    ++...      Archmagi +    (boots unavailable)
Stlth   ++........ Rage     3%   i - amulet of regeneration
HPRegen 2.81/turn                D - ring of see invisible
MPRegen 0.00/turn                n - ring "Efakum" {rPois Int+6 Slay+6}

@: flying
A: sickness immunity, fire resistance 2, cold vulnerability 1, float, innate
caster, HP casting, extra vitality 1, agile 1, berserk 1, deformed body,
regeneration 2, electricity resistance, inability to read after injury 1,
MP-powered wands
0: Orb of Zot
}: 3/15 runes: barnacled, slimy, gossamer
a: Renounce Religion, Fiery Armour, Foxfire Swarm, Rising Flame


You escaped.
You worshipped Ignis.
Ignis was aware of your devotion.
You visited 9 branches of the dungeon, and saw 48 of its levels.
You visited the Abyss 1 time.
You visited 2 bazaars.
You also visited: Ossuary and Bailey.

You collected 6663 gold pieces.
You spent 2535 gold pieces at shops.

Inventory:

Hand Weapons
 a - a +8 demon trident of venom
Missiles
 p - 4 throwing nets
Armour
 j - the +4 dragonskin cloak (worn)
   (You took it off Tiamat on level 1 of the Realm of Zot)

   It grants the wearer a chance to resist fire, cold, poison, electricity,
   acid, and negative energy.
 k - a +2 robe of the Archmagi (worn)
 u - the +0 cloak of Afyero {rC+ MP+9 Str+5}
   (You acquired it in a bazaar)

   Str:       It affects your strength (+5).
   rC:        It protects you from cold.
   MP:        It affects your magic capacity (+9).
 K - the +2 helmet "Oseph" (worn) {rCorr Str+3 Dex-3}
   (You bought it in a shop on level 2 of the Depths)

   Str:       It affects your strength (+3).
   Dex:       It affects your dexterity (-3).
   rCorr:     It protects you from acid and corrosion.
 M - the +2 pair of gloves of Urphotul (worn) {rC++}
   (You found it on level 2 of the Vaults)

   rC:        It greatly protects you from cold.
 U - a +5 kite shield of protection (worn)
Magical Staves
 b - a staff of conjuration (weapon)
Jewellery
 i - an amulet of regeneration (around neck)
 n - the ring "Efakum" (right hand) {rPois Int+6 Slay+6}
   (You bought it in a shop on level 2 of the Orcish Mines)

   [ring of intelligence]

   Int:       It affects your intelligence (+6).
   Slay:      It affects your accuracy & damage with ranged weapons and melee
   (+6).
   rPois:     It protects you from poison.
 s - the ring of the First Underlurkers {Fly rC+}
   (You found it on level 5 of the Dungeon)

   [ring of flight]

   rC:        It protects you from cold.
   Fly:       It grants you flight.
 D - a ring of see invisible (left hand)
 E - a ring of wizardry
 R - a +6 ring of intelligence
Wands
 y - a wand of roots (43)
 z - a wand of flame (101)
 H - a wand of light (3)
 J - a wand of paralysis (26)
 S - a wand of mindburst (3)
Scrolls
 d - 13 scrolls of teleportation {@r3}
 f - 8 scrolls of vulnerability
 g - 11 scrolls of immolation
 l - 8 scrolls of fear
 r - 8 scrolls of poison
 x - a scroll of blinking {@r4}
 G - 9 scrolls of enchant armour
 V - 11 scrolls of butterflies
 Z - a scroll of silence
Potions
 c - 3 potions of lignification
 m - 3 potions of mutation
 q - 24 potions of curing {@q1}
 v - 2 potions of invisibility
 w - 7 potions of berserk rage
 A - 6 potions of resistance {@q6}
 B - 2 potions of haste {@q3}
 C - 8 potions of ambrosia
 F - 6 potions of cancellation
 O - 11 potions of might {@q4}
Miscellaneous
 e - a condenser vane
 o - a lightning rod (4/4)
 W - a box of beasts


   Skills:
 - Level 18.8 Fighting
 - Level 2.6 Long Blades
 - Level 14.0 Polearms
 - Level 6.6 Armour
 - Level 18.4 Dodging
 - Level 12.7 Stealth
 - Level 15.8 Shields
 + Level 22.2 Spellcasting
 - Level 11.8 Evocations


You couldn't memorise any spells.
You knew the following spells:

 Your Spells              Type           Power      Damage    Failure   Level
a - Lehudib's Crystal Sp  Conj/Erth      80%        10d18     1%          8
b - Sandblast             Erth           100%       2d20      0%          1
c - Ensorcelled Hibernat  Hex/Ice        100%       N/A       0%          2
d - Wereblood             Tmut           100%       N/A       0%          2
e - Summon Ice Beast      Ice/Summ       100%       N/A       0%          4
f - Olgreb's Toxic Radia  Pois           100%       N/A       0%          4
g - Metabolic Englaciati  Hex/Ice        67%        N/A       0%          5
h - Simulacrum            Ice/Necr       67%        N/A       1%          6
i - Enfeeble              Hex            67%        N/A       1%          7
j - Statue Form           Tmut/Erth      90%        N/A       1%          6
k - Scorch                Fire           100%       2d10      0%          2
l - Discord               Hex            67%        N/A       1%          8
m - Borgnjor's Revivific  Necr           67%        N/A       1%          8
n - Chain Lightning       Conj/Air       80%        3d106     16%         9
Your spell library was empty.

Dungeon Overview and Level Annotations

Branches:
Dungeon (15/15)            Temple (0/1) D:7            Lair (5/5) D:10
 Shoals (4/4) Lair:2       Spider (4/4) Lair:3        Slime (5/5) Lair:4
    Orc (2/2) D:10            Elf (0/3) Orc:2        Vaults (4/5) D:14
  Crypt (0/3) Vaults:3     Depths (4/4) D:15            Zot (5/5) Depths:4
Ossuary (visited)          Bailey (visited)

Altars:
Ashenzari
Cheibriados
Dithmenos
Fedhas
Makhleb
Okawaru
Qazlal
Ru
Xom
Zin
The Shining One
Jiyva
Lugonu

Shops:
D:1 [   D:5 (   D:13 *   Orc:1 *   Orc:2 =(:*[   Vaults:2 [   Vaults:4 (
Depths:2 [

Portals:
Hell: Depths:1 Depths:2 Depths:3 Depths:4
Abyss: Depths:3
Pandemonium: Depths:2
Ziggurat: Depths:4

Annotations:
D:9 Erolcha
Orc:1 1 runed translucent door, exclusion: door, Wekumecuw's ghost, journeyman DsFi
Vaults:2 1 runed translucent door, Sizubyoz's ghost, adept DsHu
Vaults:3 2 runed translucent doors, Jiaf's ghost, veteran HOFi


Innate Abilities, Weirdness & Mutations

You are immune to sickness and miasma.
You are immune to poison.
Your flesh is very heat resistant. (rF++)
You are vulnerable to cold. (rC-)
You float through the air rather than walking.
You learn spells naturally, not from books.
Your magical power is your life essence.
You have superior vitality. (+4 MHP)
You are agile. (Dex +4, Str/Int -1)
You sometimes lose your temper in combat.
Armour fits poorly on your strangely shaped body.
You heal very quickly.
You are resistant to electric shocks. (rElec)
You occasionally lose the ability to read scrolls when taking damage.
You expend health (3 HP) to strengthen your wands.


Message History

Where to? (Enter - D:1, ? - help)
There is a stone staircase leading up here.
You fly upwards.
HP restored.
There is a stone staircase leading down here.
There is a stone staircase leading up here.
You fly upwards.
There is a stone staircase leading down here.
Things that are here:
a +0 trident; a +0 robe; a +0 scythe
There is a stone staircase leading up here.
You fly upwards.
There is a stone staircase leading down here.
There is a stone staircase leading up here.
You fly upwards.
There is a stone staircase leading down here.
An ice devil comes into view.
Health restored: 189
Casting: Lehudib's Crystal Spear (dangerous; 1% risk of failure)
Confirm with . or Enter, or press ? or * to list all spells.
Aiming: Lehudib's Crystal Spear (dangerous; 1% risk of failure)
Press: ? - help, Shift-Dir - straight line, f - ice devil
Aim: an ice devil (85% to hit)
You feel a strong surge of power!
The crystal spear hits the ice devil!!!!
You kill the ice devil!
You take 6 damage, and have 183/189 hp.
(D) Dungeon (T) Temple (L) Lair (A) Shoals (N) Spider Nest (M) Slime Pits (O) Orcish Mines (E) Elven Halls (V) Vaults (C) Crypt (U) Depths (H) Hell (Z) Zot
Where to? (Enter - D:1, ? - help) HP restored.
You see here a +0 flail.
There is a stone staircase leading up here.
You fly upwards.
There is a stone staircase leading down here.
Health restored: 189 You can't rise from this level!
There is a staircase leading out of the dungeon here.
You have escaped! ## ##. ##.. #.#. ##.. ###############. #............### ♣♣♣.♣♣♣♣♣#####.##> ♣@......♣ #>... ♣.PPPPP.♣

#.##. ♣.P~~~P.♣
#.###
########♣.P~8≈P.♣
#.# #
#.......♣.P~~~P.♣
#.###
#.######♣.PPPPP.♣
#.##. #.#
♣.......♣ #....
#.## ♣♣♣♣♣♣♣♣♣#
#.### #..#
#....##.# #....


There were no monsters in sight!

Vanquished Creatures
  the Royal Jelly (Slime:5)
  3 dread liches
  8 orbs of fire
  Mara (Depths:1)
  Sojobo (Depths:2)
  A Killer Klown (Zot:5)
  Parghit (Depths:2)
  6 golden dragons
  The ghost of Aklawnof the Wrestler, a legendary VSBe of Trog (Zot:3)
  2 electric golems
  2 Ice Fiends
  Rupert (D:14)
  8 tentacled monstrosities
  A titan (Depths:4)
  2 walking frostbound tomes
  9 Orb Guardians (Zot:5)
  The ghost of attentat the Gelid, an adept OgIE of Gozag (Spider:1)
  2 quicksilver dragons
  3 sphinxes
  12 acid blobs
  A tentacled starspawn (Abyss:2)
  10 death cobs
  2 shadow dragons (Zot:3)
  4 tengu reavers
  6 azure jellies
  A draconian monk (Zot:1)
  7 storm dragons
  15 rockslimes
  5 draconian knights
  3 emperor scorpions
  2 fire giants
  3 draconian shifters
  6 ghost moths
  3 frost giants
  2 ironbound preservers (Vaults:2)
  2 orc warlords
  A curse skull (Vaults:3)
  A draconian stormcaller (Zot:1)
  4 quicksilver oozes
  2 draconian annihilators (Zot:4)
  3 broodmothers
  2 spriggan defenders
  A war gargoyle (Vaults:2)
  6 stone giants
  8 very ugly things
  6 ironbound thunderhulks
  2 vampire knights (Depths:3)
  4 green draconians
  3 purple draconians
  3 dire elephants
  6 white draconians
  Azrael (D:14)
  6 black draconians
  8 red draconians
  A lorocyproca (Zot:3)
  11 spark wasps
  3 entropy weavers
  4 yellow draconians
  An eidolon (Vaults:3)
  4 merfolk javelineers
  A green death (Depths:2)
  2 merfolk impalers
  5 ettins
  2 crystal guardians
  3 jiangshi
  3 fire dragons
  7 great orbs of eyes
  7 vault guards
  5 yaktaur captains
  A catoblepas (Lair:5)
  A hell beast (D:13)
  4 rakshasas
  2 peacekeepers
  2 spriggan air magi (Depths:2)
  An ice dragon (Depths:3)
  10 ironbound frosthearts
  Erica (D:8)
  6 boulder beetles
  2 hydras (Lair:5)
  2 jorogumos (Spider:3)
  3 radroaches
  3 centaur warriors
  10 two-headed ogres
  3 death yaks
  4 tengu warriors
  2 satyrs (Shoals:4)
  A deep troll earth mage (Depths:2)
  3 death scarabs (Spider:4)
  A deep troll shaman (Depths:2)
  A hell hog (Abyss:2)
  A vampire mage (Depths:3)
  3 thrashing horrors (Abyss:2)
  2 orc high priests (Orc:2)
  4 spriggan berserkers
  A soul eater (Depths:2)
  A spectral emperor scorpion (Spider:1)
  A spriggan (Depths:4)
  6 hell knights
  3 iron trolls
  A skeletal warrior (D:14)
  2 spectral ghost moths (Spider:1)
  A sixfirhy (Depths:4)
  2 wretched stars (Abyss:2)
  A flayed ghost (Depths:4)
  3 pharaoh ants
  6 orb spiders
  16 deep trolls
  2 glowing orange brains
  A spectral entropy weaver (Spider:1)
  4 wizards
  7 steelbarb worms
  4 sea snakes
  Pikel (D:5)
  An obsidian statue (Vaults:1)
  An orange crystal statue (Depths:1)
  4 phantasmal warriors
  7 ironbound convokers
  A deep elf pyromancer (D:15)
  5 orc knights
  9 lindwurms
  2 large abominations (Abyss:2)
  10 orc sorcerers
  A shining eye (shapeshifter) (Depths:3)
  11 ugly things
  5 harpies (Shoals:4)
  4 cyclopes
  16 wolf spiders
  A manticore (shapeshifter) (Depths:3)
  2 shining eyes
  18 moths of wrath
  A starcursed mass (Abyss:2)
  4 manticores
  4 fauns
  A moth of wrath (shapeshifter) (Depths:2)
  An eye of devastation (Slime:5)
  4 black mambas
  2 apocalypse crabs (Abyss:2)
  A water nymph (Shoals:1)
  2 merfolk sirens
  7 elephants
  8 vault sentinels
  2 smoke demons (Abyss:2)
  2 emperor scorpion simulacra (Spider:1)
  An orange demon (Zot:2)
  6 cane toads
  11 torpor snails
  4 rime drakes
  4 unseen horrors
  8 demonic crawlers
  10 komodo dragons
  3 freezing wraiths (D:14)
  15 yaktaurs
  An entropy weaver simulacrum (Spider:1)
  A komodo dragon (shapeshifter) (D:14)
  A tormentor (Depths:2)
  An ice devil (D:2)
  A redback zombie (Spider:4)
  3 tengu conjurers
  A meliai (shapeshifter) (D:15)
  3 meliai (D:13)
  A queen bee (D:13)
  3 ghost moth simulacra (Spider:1)
  3 merfolk
  3 trolls
  A polar bear (Lair:3)
  Prince Ribbit (D:6)
  32 slime creatures
  Grinder (D:5)
  19 tarantellas
  A spectral culicivora (Spider:4)
  3 tyrant leeches (Lair:5)
  17 blink frogs
  7 hornets
  7 dream sheep (Lair:5)
  6 raiju (Abyss:2)
  A snapping turtle (Shoals:1)
  A culicivora zombie (Spider:4)
  Sigmund (D:3)
  A tarantella zombie (Spider:4)
  10 water elementals
  A shadow (D:8)
  2 ynoxinuls (Abyss:2)
  30 jumping spiders
  5 wyverns
  24 culicivoras
  Eustachio (D:5)
  4 wraiths
  41 yaks
  5 basilisks
  4 fire elementals (D:14)
  A steam dragon (Lair:2)
  A chaos spawn (Depths:2)
  5 neqoxecs
  49 redbacks
  4 wargs
  Edmund (D:5)
  7 vampire mosquitoes
  2 acid dragons
  2 hell hounds (D:14)
  Duvessa (D:7)
  2 floating eyes
  15 water moccasins
  2 sky beasts (D:6)
  42 orc warriors
  2 ice beasts
  3 black bears
  7 ogres
  3 boggarts (D:15)
  12 wolves
  17 centaurs
  A lemure (D:4)
  2 phantoms
  4 kobold brigands
  4 small abominations (Abyss:2)
  2 necrophages
  13 bullfrogs
  4 gnoll sergeants
  4 scorpions
  A wight (D:6)
  Dowan (D:7)
  21 killer bees (D:13)
  8 howler monkeys
  An electric eel (Lair:2)
  4 crimson imps (D:4)
  A lava snake (Orc:2)
  6 hounds
  4 jellies
  25 orc priests
  A gnoll bouda (D:7)
  4 iguanas
  Natasha (D:2)
  15 orc wizards
  24 gnolls
  An adder (D:4)
  A white imp (D:7)
  A worm (D:4)
  6 dart slugs
  85 orcs
  5 bats
  8 endoplasms
  4 giant cockroaches
  5 goblins
  7 hobgoblins
  4 jackals (D:5)
  7 quokkas
  3 ball pythons
  4 frilled lizards
  8 gnoll skeletons (Ossuary)
  13 kobolds
  6 kobold skeletons (Ossuary)
  7 orc skeletons (Ossuary)
  8 rats
1359 creatures vanquished.

Vanquished Creatures (collateral kills)
  Tiamat (Zot:1)
  2 Killer Klowns
  A caustic shrike (Depths:2)
  3 golden dragons
  2 electric golems
  11 tentacled monstrosities
  15 Orb Guardians (Zot:5)
  5 quicksilver dragons
  A walking divine tome (Depths:2)
  A sphinx (Shoals:4)
  The ghost of ragingrage the Cardsharp, an adept DsFi of Nemelex Xobeh (Shoals:1)
  4 shadow dragons
  Gastronok (Lair:2)
  2 death cobs
  4 draconian monks
  3 tengu reavers
  4 storm dragons
  4 draconian scorchers
  10 draconian knights
  An emperor scorpion (Spider:4)
  2 frost giants (Depths:2)
  6 vault wardens
  An iron dragon (Depths:2)
  An orc warlord (Orc:2)
  Aizul (Depths:1)
  5 draconian shifters
  A draconian stormcaller (Zot:5)
  2 ghost moths
  6 draconian annihilators
  A spriggan defender (Depths:4)
  5 ironbound thunderhulks
  6 ironbound preservers
  6 very ugly things
  4 stone giants
  10 green draconians
  8 black draconians
  4 purple draconians
  10 red draconians
  4 dire elephants
  A vampire knight (Depths:1)
  3 entropy weavers
  3 yellow draconians
  3 minotaurs
  11 white draconians
  6 spark wasps
  4 merfolk impalers
  3 fire dragons
  2 ettins
  2 great orbs of eyes (Vaults:2)
  3 yaktaur captains
  4 ice dragons
  A spriggan air mage (Depths:2)
  A jorogumo (shapeshifter) (Depths:4)
  A radroach (Spider:2)
  A vault guard (Vaults:4)
  An ogre mage (D:15)
  3 hydras
  An alligator snapping turtle (Shoals:3)
  4 centaur warriors
  A jorogumo (Spider:4)
  A boulder beetle (D:12)
  4 merfolk aquamancers
  A merfolk avatar (Shoals:3)
  3 ironbound frosthearts
  2 death yaks (Lair:5)
  A tengu warrior (Depths:4)
  A two-headed ogre (D:13)
  16 satyrs
  5 death scarabs (Spider:4)
  2 spriggan berserkers (Depths:2)
  3 deep troll earth magi (Depths:1)
  A thrashing horror (Abyss:2)
  4 deep troll shamans
  7 hell knights
  2 pharaoh ants
  A sixfirhy (Abyss:2)
  2 orb spiders (Spider:4)
  10 sea snakes
  2 steelbarb worms (Spider:4)
  23 deep trolls
  A glowing orange brain (Depths:1)
  4 wizards
  3 necromancers
  An ironbound convoker (Vaults:4)
  3 orc knights
  A wolf spider zombie (Spider:4)
  2 deep elf pyromancers
  A phantasmal warrior (Depths:3)
  14 ugly things
  3 wolf spiders
  9 harpies
  A lindwurm (Lair:5)
  9 fauns
  A fire giant zombie (Vaults:1)
  A shining eye (shapeshifter) (Depths:2)
  12 manticores
  An elephant (Lair:5)
  7 merfolk sirens
  17 moths of wrath
  A black mamba (shapeshifter) (Depths:2)
  2 black mambas (Lair:5)
  5 vault sentinels
  7 water nymphs
  An orange demon (Abyss:2)
  2 torpor snails
  2 cane toads (Lair:5)
  A smoke demon (Depths:2)
  A komodo dragon (D:11)
  3 yaktaurs
  A demonic crawler (Spider:3)
  4 spectral redbacks (Spider:4)
  3 tengu conjurers
  A hellwing (Depths:2)
  An ancient zyme (Abyss:2)
  2 trolls (D:11)
  A tyrant leech (Lair:5)
  18 merfolk
  A spectral jumping spider (Spider:4)
  A culicivora zombie (Spider:4)
  2 raiju (Abyss:2)
  3 tarantellas (Spider:4)
  A blink frog (Lair:3)
  3 tarantella zombies (Spider:4)
  An elf zombie (Vaults:1)
  5 slime creatures
  A spectral tarantella (Spider:4)
  A human simulacrum (Vaults:1)
  A dream sheep (Lair:5)
  5 snapping turtles
  5 jumping spiders (Spider:4)
  6 culicivoras
  6 yaks
  8 water elementals
  3 basilisks
  A steam dragon (D:9)
  5 redbacks
  A warg (Orc:2)
  3 hell hounds (Zot:5)
  5 orc warriors
  2 large abominations (Abyss:2)
  A sky beast (D:6)
  An ogre (D:6)
  2 wolves (Lair:5)
  2 bullfrogs
  A killer bee (D:6)
  A hound (D:6)
  4 orc priests
  Ijyb (D:5)
  An orc wizard (D:7)
  A mummy (Ossuary)
  3 gnolls
  A white imp (D:6)
  2 orcs
  A gnoll skeleton (Ossuary)
  2 kobold skeletons (Ossuary)
  An orc skeleton (Ossuary)
  5 plants
  A tentacle (Shoals:2)
557 creatures vanquished.

Vanquished Creatures (others)
  An Orb Guardian (Zot:5)
  A death cob (Zot:1)
  A draconian monk (Zot:1)
  A draconian knight (Zot:4)
  A draconian shifter (Zot:1)
  3 very ugly things (Depths:3)
  A black draconian (Zot:3)
  2 green draconians (Zot:1)
  A red draconian (Zot:5)
  A spark wasp (Depths:3)
  4 hell knights
  A wizard (D:15)
  A necromancer (Depths:4)
  4 moths of wrath
  An apocalypse crab (Abyss:2)
  2 small abominations (Abyss:2)
  A bush (Lair:5)
  59 fungi
  148 plants
  7 starspawn tentacles (Abyss:2)
  3 tentacles (Shoals:2)
  2 withered plants (Vaults:2)
246 creatures vanquished.

Grand Total: 2162 creatures vanquished

Notes
Turn   | Place    | Note
-------+----------+-------------------------------------------
     0 | D:1      | Ofeo the Djinni Cinder Acolyte began the quest for the Orb.
     0 | D:1      | Ofeo set off with the following spells memorised: Scorch.
     0 | D:1      | Reached XP level 1. HP: 20/20 MP: 0/0
   506 | D:1      | Found Futomolo's Armour Boutique.
   581 | D:1      | Reached XP level 2. HP: 11/25 MP: 0/0
  1160 | D:1      | Found a faded altar of an unknown god.
  1743 | D:1      | Reached XP level 3. HP: 23/30 MP: 0/0
  1743 | D:1      | Learned a level 1 spell: Sandblast
  2020 | D:2      | Noticed Natasha
  2023 | D:2      | Killed Natasha
  2024 | D:2      | Reached skill level 3 in Spellcasting
  2143 | D:2      | Reached XP level 4. HP: 36/37 MP: 0/0
  3009 | D:3      | Reached XP level 5. HP: 40/42 MP: 0/0
  3009 | D:3      | Learned a level 2 spell: Ensorcelled Hibernation
  3662 | D:3      | Noticed Sigmund
  3674 | D:3      | Killed Sigmund
  3675 | D:3      | Reached skill level 5 in Fighting
  3675 | D:3      | Reached skill level 4 in Spellcasting
  3675 | D:3      | Reached XP level 6. HP: 39/49 MP: 0/0
  3804 | D:3      | Found a stormy altar of Qazlal.
  4010 | D:3      | Found a shadowy altar of Dithmenos.
  4012 | D:3      | Found a sacrificial altar of Ru.
  4015 | D:3      | Found a burning altar of Makhleb.
  4274 | D:4      | Noticed an ogre
  4449 | D:4      | Killed an ogre
  4450 | D:4      | Reached XP level 7. HP: 37/55 MP: 0/0
  4450 | D:4      | Learned a level 2 spell: Wereblood
  5480 | D:4      | Reached skill level 5 in Spellcasting
  5610 | D:4      | Found a shimmering altar of Xom.
  5693 | D:4      | Reached XP level 8. HP: 62/62 MP: 0/0
  5839 | D:4      | Found an iron altar of Okawaru.
  5966 | D:5      | Entered Level 5 of the Dungeon
  5995 | D:5      | Noticed Eustachio
  6012 | D:5      | Killed Eustachio
  6211 | D:5      | Identified the ring of the First Underlurkers {Fly rC+}
  6329 | D:5      | Noticed Pikel
  6349 | D:5      | Found a blossoming altar of Fedhas.
  6428 | D:5      | Killed Pikel
  6429 | D:5      | Reached skill level 6 in Spellcasting
  6429 | D:5      | Reached XP level 9. HP: 65/71 MP: 0/0
  6429 | D:5      | Learned a level 4 spell: Summon Ice Beast
  6470 | D:5      | Found Neqo Yqut's Antique Weapon Shop.
  6702 | D:5      | Noticed Edmund
  6705 | D:5      | Noticed Grinder
  6709 | D:5      | Paralysed by Grinder for 4 turns
  7005 | D:5      | Killed Grinder
  7006 | D:5      | Reached skill level 1 in Armour
  7006 | D:5      | Reached skill level 1 in Dodging
  7138 | D:5      | Killed Edmund
  7228 | D:5      | HP: 1/72 [orc priest/+0 trident (4)]
  7779 | D:5      | Noticed Ijyb
  7788 | D:5      | Killed Ijyb
  8243 | D:6      | Identified the +1 leather armour "Dall" {rElec rCorr SInv}
  8250 | D:6      | Noticed Prince Ribbit
  8252 | D:6      | Reached skill level 7 in Spellcasting
  8265 | D:6      | Killed Prince Ribbit
  8885 | D:6      | Reached XP level 10. HP: 78/78 MP: 0/0
 10148 | D:6      | Found a glowing golden altar of the Shining One.
 10209 | D:7      | Found a sand-covered staircase.
 10245 | Ossuary  | Entered an ossuary
 10506 | D:7      | Found a staircase to the Ecumenical Temple.
 10540 | D:7      | Reached skill level 10 in Fighting
 10974 | D:7      | Noticed Duvessa
 10976 | D:7      | Noticed Dowan
 10979 | D:7      | Killed Duvessa
 10980 | D:7      | Reached skill level 5 in Dodging
 10981 | D:7      | Killed Dowan
 11464 | D:8      | Noticed Erica
 11479 | D:8      | Killed Erica
 11480 | D:8      | Reached skill level 5 in Armour
 11480 | D:8      | Reached XP level 11. HP: 49/85 MP: 0/0
 11480 | D:8      | Learned a level 4 spell: Olgreb's Toxic Radiance
 11833 | D:8      | Reached skill level 8 in Spellcasting
 12867 | D:9      | Found a flagged portal.
 12877 | Bailey   | Entered a bailey
 12888 | Bailey   | Reached skill level 1 in Polearms
 13751 | Bailey   | Reached XP level 12. HP: 93/93 MP: 0/0
 14197 | D:9      | Noticed a boulder beetle
 14224 | D:9      | Killed a boulder beetle
 14226 | D:9      | Noticed Erolcha
 14226 | D:9      | Noticed a death knight
 14314 | D:10     | Entered Level 10 of the Dungeon
 14314 | D:10     | Found a snail-covered altar of Cheibriados.
 14319 | D:10     | Noticed a two-headed ogre
 14345 | D:9      | Noticed a boulder beetle
 14621 | D:9      | Killed a boulder beetle
 14713 | D:10     | Killed a two-headed ogre
 15036 | D:10     | Found a staircase to the Lair.
 15313 | D:10     | Found a glowing silver altar of Zin.
 15359 | D:10     | Found a staircase to the Orcish Mines.
 15874 | D:11     | Noticed a two-headed ogre
 15884 | D:11     | Killed a two-headed ogre
 16240 | D:11     | Identified a scroll of acquirement
 16240 | D:11     | Acquired a +2 kite shield of protection
 16460 | D:11     | Noticed a two-headed ogre
 16496 | D:11     | Killed a two-headed ogre
 16742 | D:11     | Reached XP level 13. HP: 85/99 MP: 0/0
 16742 | D:11     | Learned a level 5 spell: Metabolic Englaciation
 18201 | D:12     | Reached skill level 10 in Polearms
 18580 | Lair:1   | Entered Level 1 of the Lair of Beasts
 19552 | Lair:1   | Found a runed translucent door.
 19711 | Lair:1   | Found a snail-covered altar of Cheibriados.
 20584 | Lair:1   | Noticed a minotaur
 20602 | Lair:1   | Killed a minotaur
 21054 | Lair:2   | Noticed a four-headed hydra
 21060 | Lair:2   | Killed a four-headed hydra
 21061 | Lair:2   | Reached skill level 1 in Shields
 21181 | Lair:2   | Found a staircase to the Shoals.
 21440 | Lair:2   | Noticed an eight-headed hydra
 21446 | Lair:2   | Killed an eight-headed hydra
 21801 | Lair:2   | Reached XP level 14. HP: 104/105 MP: 0/0
 22047 | Lair:2   | Noticed Gastronok
 22060 | Lair:2   | Killed Gastronok
 22477 | Lair:2   | Reached skill level 5 in Shields
 23433 | Lair:3   | Found a hole to the Spider Nest.
 24004 | Lair:4   | Found a viscous altar of Jiyva.
 24004 | Lair:4   | Found a staircase to the Slime Pits.
 24679 | Lair:4   | Reached skill level 10 in Shields
 24851 | Lair:4   | Reached skill level 1 in Evocations
 24890 | Lair:4   | Identified the +1 short sword "Oppuithi" {vorpal, Str+3}
 25559 | Lair:5   | Entered Level 5 of the Lair of Beasts
 26023 | Lair:5   | Reached skill level 9 in Spellcasting
 26119 | Lair:5   | Reached XP level 15. HP: 104/111 MP: 0/0
 26119 | Lair:5   | Learned a level 6 spell: Simulacrum
 28365 | Lair:5   | Reached skill level 5 in Evocations
 29128 | Lair:5   | Found a runed translucent door.
 30448 | Orc:1    | Entered Level 1 of the Orcish Mines
 30500 | Orc:1    | Found Nuacw's Gadget Gallery.
 30794 | Orc:1    | Reached skill level 10 in Spellcasting
 31103 | Orc:1    | You are sucked into a shaft and drop 1 floor!
 31103 | Orc:2    | Entered Level 2 of the Orcish Mines
 31103 | Orc:2    | Found Panyrris's General Store.
 31528 | Orc:1    | Noticed an orc warlord
 31581 | Orc:1    | Killed an orc warlord
 31833 | Orc:1    | Found a runed translucent door.
 31835 | Orc:1    | Noticed Wekumecuw's ghost (journeyman DsFi)
 32377 | Orc:2    | Found Qititzaq's Jewellery Shop.
 32521 | Orc:2    | Reached XP level 16. HP: 95/119 MP: 0/0
 32715 | Orc:2    | Bought the ring "Efakum" {rPois Int+6 Slay+6} for 724 gold
                  | pieces
 32746 | Orc:2    | Found Monlarunor's Antique Weapon Boutique.
 32756 | Orc:2    | Gained mutation: You occasionally lose the ability to drink
                  | potions when taking damage. [a neqoxec]
 33069 | Orc:2    | Bought a scroll of teleportation for 36 gold pieces
 33069 | Orc:2    | Bought a potion of resistance for 120 gold pieces
 33111 | Orc:2    | Found Jaaddarr's Book Shoppe.
 33538 | Orc:2    | Found Jairrue's Antique Armour Boutique.
 33882 | Orc:2    | Found a staircase to the Elven Halls.
 35035 | D:13     | Found Ofuowo's General Store.
 36221 | D:14     | Noticed Azrael
 36238 | D:14     | Found a glowing golden altar of the Shining One.
 36455 | D:14     | Found a flickering gateway to a bazaar.
 36469 | Bazaar   | Entered a bazaar
 36469 | Bazaar   | Found Bocuuk's Book Emporium.
 36561 | Bazaar   | Found Utieng's Distillery.
 36566 | Bazaar   | Found Faiqop's Armour Emporium.
 36591 | Bazaar   | Found Ipsui's Antique Armour Shop.
 36595 | Bazaar   | Found Nuneu's Antique Weapon Emporium.
 36618 | Bazaar   | Bought a pair of embroidered gloves for 180 gold pieces
 36657 | Bazaar   | Bought 2 potions of curing for 66 gold pieces
 36657 | Bazaar   | Bought 2 potions of curing for 66 gold pieces
 36657 | Bazaar   | Bought a potion of resistance for 110 gold pieces
 36657 | Bazaar   | Bought 2 potions of heal wounds for 110 gold pieces
 36797 | D:14     | Killed Azrael
 36798 | D:14     | Reached skill level 11 in Spellcasting
 37268 | D:14     | Found a gate to the Vaults.
 37364 | D:14     | Identified the +6 trident of Drought {freeze, rC+ Str+2
                  | Int+2}
 37449 | D:14     | Noticed Rupert
 37461 | D:14     | Paralysed by Rupert for 5 turns
 37463 | D:14     | Killed Rupert
 37675 | D:15     | Entered Level 15 of the Dungeon
 38879 | Abyss:2  | Cast into level 2 of the Abyss (a wizard)
 38981 | Abyss:2  | Gained mutation: You are resistant to electric shocks.
                  | (rElec) [a neqoxec]
 38987 | Abyss:2  | Gained mutation: You are frail. (-10% HP) [a neqoxec]
 38996 | Abyss:2  | Reached XP level 17. HP: 81/117 MP: 0/0
 38996 | Abyss:2  | Learned a level 7 spell: Enfeeble
 39132 | Abyss:2  | Found a corrupted altar of Lugonu.
 39422 | Abyss:2  | Noticed a tentacled starspawn
 39435 | Abyss:2  | Paralysed by you for 4 turns
 39599 | Abyss:2  | Noticed a tentacled starspawn
 39620 | Abyss:2  | Killed a tentacled starspawn
 39631 | Abyss:2  | Reached skill level 1 in Stealth
 39750 | Abyss:2  | Noticed a Hell Sentinel
 39758 | Abyss:2  | Noticed a bone dragon
 39778 | D:15     | Escaped the Abyss
 40012 | D:15     | Found a staircase to the Depths.
 40746 | Spider:1 | Entered Level 1 of the Spider Nest
 40855 | Spider:1 | Reached skill level 15 in Fighting
 41805 | Spider:1 | Found a transporter.
 42257 | Spider:1 | Noticed attentat's ghost (adept OgIE)
 42282 | Spider:1 | Found a transporter.
 42334 | Spider:2 | Reached skill level 12 in Spellcasting
 43131 | Spider:2 | Reached XP level 18. HP: 112/124 MP: 0/0
 43328 | Spider:2 | Reached skill level 5 in Stealth
 45793 | Spider:4 | Entered Level 4 of the Spider Nest
 47436 | Spider:4 | Reached XP level 19. HP: 91/130 MP: 0/0
 47436 | Spider:4 | Learned a level 6 spell: Statue Form
 47539 | Spider:4 | Got a gossamer rune of Zot
 47936 | Shoals:1 | Entered Level 1 of the Shoals
 48235 | Shoals:1 | Found a runed translucent gate.
 48236 | Shoals:1 | Found a runed translucent gate.
 48237 | Shoals:1 | Found a runed translucent gate.
 48239 | Shoals:1 | Noticed ragingrage's ghost (adept DsFi)
 48260 | Shoals:1 | Killed ragingrage's ghost
 48269 | Shoals:1 | Identified the +0 cloak "Odagy" {rPois Str+3}
 48533 | Shoals:2 | Found a glowing silver altar of Zin.
 48662 | Shoals:2 | You are sucked into a shaft and drop 1 floor!
 48731 | Shoals:3 | Reached skill level 13 in Spellcasting
 49449 | Shoals:4 | Entered Level 4 of the Shoals
 49654 | Shoals:4 | Reached XP level 20. HP: 102/137 MP: 0/0
 49662 | Shoals:4 | Found the +7 great mace "Firestarter" {inner flame, rF++}
 49833 | Shoals:4 | Got a barnacled rune of Zot
 49878 | Shoals:4 | Identified the +6 dagger of the Thirsty Demons {chaos, rC+
                  | Dex+9 Stlth-}
 50023 | Shoals:4 | Reached skill level 10 in Stealth
 50606 | Vaults:1 | Entered Level 1 of the Vaults
 50790 | Vaults:1 | Found a gateway to a bazaar.
 50808 | Bazaar   | Entered a bazaar
 50824 | Bazaar   | Found Xygi's Magic Scroll Emporium.
 50825 | Bazaar   | Found Kiypt's Weapon Emporium.
 50867 | Bazaar   | Found Yzxejes's Weapon Shoppe.
 50867 | Bazaar   | Found Ehiomuta's Distillery.
 50889 | Bazaar   | Bought a potion of cancellation for 80 gold pieces
 50889 | Bazaar   | Bought a potion of heal wounds for 50 gold pieces
 50889 | Bazaar   | Bought a potion of curing for 30 gold pieces
 50909 | Bazaar   | Bought a scroll of acquirement for 364 gold pieces
 50909 | Bazaar   | Acquired the +0 cloak of Afyero {rC+ MP+9 Str+5}
 50922 | Bazaar   | Bought a scroll of magic mapping for 52 gold pieces
 50922 | Bazaar   | Bought a scroll of enchant armour for 52 gold pieces
 50922 | Bazaar   | Bought a scroll of poison for 28 gold pieces
 50922 | Bazaar   | Bought a scroll of enchant weapon for 52 gold pieces
 50922 | Bazaar   | Bought 3 scrolls of teleportation for 63 gold pieces
 51372 | Vaults:1 | Identified the +1 robe of the Iron City of Dis {Harm Dex+3}
 52968 | Vaults:2 | Reached XP level 21. HP: 101/144 MP: 0/0
 52968 | Vaults:2 | Learned a level 8 spell: Lehudib's Crystal Spear
 53146 | Vaults:2 | Found Hobiynn's Armour Emporium.
 53168 | Vaults:2 | Found a runed translucent door.
 53168 | Vaults:2 | Noticed Sizubyoz's ghost (adept DsHu)
 53907 | Vaults:2 | Identified the +2 pair of gloves of Urphotul {rC++}
 54754 | Vaults:3 | Found a staircase to the Crypt.
 55567 | Vaults:3 | Reached skill level 14 in Spellcasting
 55787 | Vaults:3 | Found a large runed translucent door.
 55787 | Vaults:3 | Found a large runed translucent door.
 55788 | Vaults:3 | Noticed Jiaf's ghost (veteran HOFi)
 56322 | Vaults:4 | Found Pos Veef's Weapon Emporium.
 56631 | Vaults:4 | Identified the +8 battleaxe "Fuoth" {venom, Will++ rCorr}
 56957 | Vaults:4 | Acquired a +1 demon trident of venom
 57182 | Vaults:4 | Reached skill level 10 in Evocations
 57782 | Depths:1 | Entered Level 1 of the Depths
 57782 | Depths:1 | Noticed Mara
 57799 | Depths:1 | Killed Mara
 57811 | Depths:1 | Reached XP level 22. HP: 152/152 MP: 0/0
 58027 | Depths:1 | Reached skill level 15 in Shields
 58074 | Depths:1 | Reached XP level 23. HP: 139/157 MP: 0/0
 58074 | Depths:1 | Learned a level 8 spell: Discord
 58075 | Depths:1 | Reached skill level 15 in Spellcasting
 58075 | Depths:1 | Reached XP level 24. HP: 145/163 MP: 0/0
 58191 | Depths:1 | Noticed Aizul
 58201 | Depths:1 | Killed Aizul
 58815 | Depths:1 | Found a gateway to Hell.
 59113 | Depths:1 | Identified the +14 crystal plate armour "Maweu" {rElec
                  | Str+2}
 59344 | Depths:2 | Noticed a golden dragon
 59360 | Depths:2 | Killed a golden dragon
 59360 | Depths:2 | Noticed a caustic shrike
 59363 | Depths:2 | Paralysed by a floating eye for 2 turns
 59731 | Depths:2 | Killed a caustic shrike
 59945 | Depths:2 | Found a broken altar of Ashenzari.
 60483 | Depths:2 | Found a one-way gate leading to the halls of Pandemonium.
 60582 | Depths:2 | Found Ischutaann's Armour Shoppe.
 60588 | Depths:2 | Identified the +7 plate armour of the Mind {+Inv rC+
                  | Slay+2}
 60599 | Depths:2 | Bought the +2 helmet "Oseph" {rCorr Str+3 Dex-3} for 352
                  | gold pieces
 61461 | Depths:3 | Noticed Sojobo
 61471 | Depths:2 | Paralysed by an air elemental for 1 turns
 61473 | Depths:2 | Paralysed by an air elemental for 1 turns
 61476 | Depths:2 | Paralysed by an air elemental for 1 turns
 61480 | Depths:2 | Killed Sojobo
 61592 | Depths:3 | Upgraded the game from 0.30-a0-123-g91d0c66ccf to
                  | 0.30-a0-125-g51eefa89be
 61661 | Depths:3 | Noticed Parghit
 62030 | Depths:2 | Found a broken altar of Ashenzari.
 62043 | Depths:2 | Found Ischutaann's Armour Shoppe.
 62419 | Depths:2 | Killed Parghit
 62803 | Spider:1 | Killed attentat's ghost
 63162 | Depths:2 | Found a one-way gate leading to the halls of Pandemonium.
 63645 | Depths:3 | Reached XP level 25. HP: 170/170 MP: 0/0
 63645 | Depths:3 | Learned a level 8 spell: Borgnjor's Revivification
 63840 | Depths:3 | Reached skill level 16 in Spellcasting
 64061 | Depths:3 | Found a one-way gate to the infinite horrors of the Abyss.
 64382 | Depths:3 | Gained mutation: You sometimes lose the ability to drink
                  | potions when taking damage. [a shining eye]
 64385 | Depths:3 | Lost mutation: You sometimes lose the ability to drink
                  | potions when taking damage. [potion of mutation]
 64385 | Depths:3 | Lost mutation: You are frail. (-10% HP) [potion of
                  | mutation]
 64385 | Depths:3 | Gained mutation: You occasionally shout uncontrollably at
                  | your foes. [potion of mutation]
 64386 | Depths:3 | Lost mutation: You occasionally shout uncontrollably at
                  | your foes. [potion of mutation]
 64386 | Depths:3 | Lost mutation: You occasionally lose the ability to drink
                  | potions when taking damage. [potion of mutation]
 64386 | Depths:3 | Gained mutation: You are strong-willed. (Will+) [potion of
                  | mutation]
 64386 | Depths:3 | Gained mutation: You sometimes lose your temper in combat.
                  | [potion of mutation]
 64386 | Depths:3 | Gained mutation: You are dopey. (Int -2) [potion of
                  | mutation]
 64386 | Depths:3 | Gained mutation: Your natural rate of healing is unusually
                  | fast. [potion of mutation]
 64476 | Depths:4 | Entered Level 4 of the Depths
 64484 | Depths:4 | Reached skill level 10 in Dodging
 64628 | Depths:4 | Found a one-way gateway to a ziggurat.
 65240 | Depths:4 | Found a gate to the Realm of Zot.
 65527 | Depths:4 | Found a corrupted altar of Lugonu.
 66163 | Slime:1  | Entered Level 1 of the Pits of Slime
 66263 | Slime:4  | Gained mutation: You are agile. (Dex +4, Str/Int -1) [a
                  | shining eye]
 66301 | Slime:5  | Entered Level 5 of the Pits of Slime
 66419 | Slime:5  | Found a viscous altar of Jiyva.
 66420 | Slime:5  | Noticed the Royal Jelly
 66425 | Slime:5  | Reached skill level 15 in Dodging
 66427 | Slime:5  | Reached skill level 17 in Spellcasting
 66450 | Slime:5  | Killed the Royal Jelly
 66451 | Slime:5  | Reached XP level 26. HP: 127/195 MP: 0/0
 66499 | Slime:3  | Gained mutation: You are frail. (-10% HP) [mutagenic glow]
 66714 | Slime:5  | Identified the +1 leather armour of the Fife {rF+ rC-
                  | Dex+3}
 66719 | Slime:5  | Got a slimy rune of Zot
 66761 | Slime:5  | Identified the ring of Xahirgh {Contam rF+ rN+ Dex+2}
 66805 | Slime:5  | Identified the +1 pair of gloves "Didwenih" {rElec Int+5
                  | Dex-5}
 66812 | Slime:5  | Identified the +4 arbalest of the Healing Mosquito {freeze,
                  | rPois rC- rN+++ Int-5}
 67159 | Zot:1    | Entered Level 1 of the Realm of Zot
 67223 | Zot:1    | Found the +4 dragonskin cloak
 67223 | Zot:1    | Noticed Tiamat
 67552 | Zot:1    | Killed Tiamat
 67793 | Zot:1    | Reached skill level 18 in Spellcasting
 68027 | Zot:3    | Found a runed translucent door.
 68027 | Zot:3    | Noticed Aklawnof's ghost (legendary VSBe)
 69356 | Zot:3    | Killed Aklawnof's ghost
 69496 | Zot:3    | Reached XP level 27. HP: 94/181 MP: 0/0
 69496 | Zot:3    | Learned a level 9 spell: Chain Lightning
 70330 | Zot:4    | Noticed a Killer Klown
 70334 | Zot:4    | Killed a Killer Klown
 70369 | Zot:4    | Reached skill level 19 in Spellcasting
 71581 | Zot:5    | Entered Level 5 of the Realm of Zot
 71609 | Zot:5    | Reached skill level 20 in Spellcasting
 71882 | Zot:5    | Noticed a dread lich
 71887 | Zot:5    | Noticed an orb of fire
 71888 | Zot:5    | Noticed an orb of fire
 71888 | Zot:5    | Noticed an orb of fire
 71889 | Zot:5    | Noticed an orb of fire
 71891 | Zot:5    | Killed a dread lich
 71891 | Zot:5    | Noticed an orb of fire
 71892 | Zot:5    | Noticed an orb of fire
 71894 | Zot:5    | Noticed a Killer Klown
 71898 | Zot:5    | Killed an orb of fire
 71901 | Zot:5    | Noticed an orb of fire
 71901 | Zot:5    | Noticed an orb of fire
 71902 | Zot:5    | Noticed a dread lich
 71904 | Zot:5    | Gained mutation: You occasionally shout uncontrollably at
                  | your foes. [an orb of fire]
 71910 | Zot:5    | Gained mutation: Armour fits poorly on your strangely
                  | shaped body. [an orb of fire]
 71916 | Zot:5    | Gained mutation: You have hidden genetic defects. [an orb
                  | of fire]
 72026 | Zot:5    | Killed an orb of fire
 72033 | Zot:5    | Killed an orb of fire
 72036 | Zot:5    | Killed an orb of fire
 72073 | Zot:4    | Killed a dread lich
 72343 | Zot:4    | Killed an orb of fire
 72510 | Zot:5    | Reached skill level 21 in Spellcasting
 72563 | Zot:5    | Killed an orb of fire
 72563 | Zot:5    | Gained mutation: You occasionally lose the ability to read
                  | scrolls when taking damage. [an orb of fire]
 72566 | Zot:5    | Gained mutation: You are very frail. (-20% HP) [hidden
                  | defects]
 72570 | Zot:5    | Gained mutation: Potions are less effective at restoring
                  | your health. [an orb of fire]
 72571 | Zot:5    | Killed an orb of fire
 72574 | Zot:5    | Killed an orb of fire
 72617 | Zot:5    | Lost mutation: Potions are less effective at restoring your
                  | health. [potion of mutation]
 72617 | Zot:5    | Lost mutation: You have hidden genetic defects. [potion of
                  | mutation]
 72617 | Zot:5    | Lost mutation: You sometimes lose your temper in combat.
                  | [potion of mutation]
 72617 | Zot:5    | Lost mutation: You are very frail. (-20% HP) [potion of
                  | mutation]
 72618 | Zot:5    | Lost mutation: You occasionally shout uncontrollably at
                  | your foes. [potion of mutation]
 72618 | Zot:5    | Lost mutation: You are strong-willed. (Will+) [potion of
                  | mutation]
 72618 | Zot:5    | Gained mutation: Your muscles are strong. (Str +4, Int/Dex
                  | -1) [potion of mutation]
 72618 | Zot:5    | Gained mutation: You heal very quickly. [potion of
                  | mutation]
 72619 | Zot:5    | Lost mutation: Your muscles are strong. (Str +4, Int/Dex
                  | -1) [potion of mutation]
 72619 | Zot:5    | Lost mutation: You are dopey. (Int -2) [potion of mutation]
 72619 | Zot:5    | Lost mutation: You are frail. (-10% HP) [potion of
                  | mutation]
 72619 | Zot:5    | Gained mutation: You expend health (3 HP) to strengthen
                  | your wands. [potion of mutation]
 72922 | Zot:5    | Noticed a Killer Klown
 72935 | Zot:5    | Noticed a dread lich
 72955 | Zot:5    | Killed a Killer Klown
 72956 | Zot:5    | Killed a dread lich
 72961 | Zot:5    | Killed a Killer Klown
 73151 | Zot:5    | Reached skill level 22 in Spellcasting
 73159 | Zot:5    | Identified the +9 trident of the Freezing God {freeze,
                  | Dex+5 SInv}
 73218 | Zot:5    | Got the Orb of Zot
 73400 | Depths:4 | Gained mutation: You sometimes lose your temper in combat.
                  | [a neqoxec]
 73583 | D:10     | Noticed Amoleib the pandemonium lord
 73690 | D:4      | Noticed Siej the pandemonium lord
 73748 | D:$      | Escaped with the Orb!

Illustrated notes

Levels and vault maps discovered:
D:1:      tarquinn_simple_flora_water_a, layout_loops_ring, serial_shops,
          nicolae_shop_behind_doors, hellmonk_ecumenical_altar_blasted,
          dk_noncrumbling_4
D:2:      layout_loops_ring, minmay_misc_feat_alley, minmay_pentomino_s2,
          uniq_natasha
D:3:      layout_basic, mainiacjoe_overflow_cross_hatched, minitemple,
          uniq_sigmund
D:4:      layout_rooms, okawaru_altar_gauntlet_db, led_xom_imps,
          nrook_mini_backslash, sigmund_army
D:5:      layout_basic, fedhas_altar_1, serial_shops, nicolae_shop_stone,
          grunt_decor_clamped, uniq_pikel, uniq_ijyb, uniq_edmund, uniq_grinder,
          uniq_eustachio
D:6:      minmay_chambers_of_threes, layout_cave_pools, kennysheep_mini_moat,
          minmay_a_box_with_orc_wizards_in_it, uniq_prince_ribbit1
D:7:      dreamdust_elfheim, layout_rooms, minmay_temple_entry_sparse_star,
          nicolae_ossuary_entry_false_entrances
D:8:      layout_gridville, uniq_erica
D:9:      minmay_cut_squares, layout_loops_ring,
          nicolae_hepliaklqana_ecumenical_no_more, enter_bailey_2, uniq_maurice,
          uniq_erolcha
D:10:     layout_basic, cheibriados_altar_1, zin_academy, dpeg_oklobed_lair
D:11:     layout_rooms, nicolae_figureground_pulse
D:12:     layout_rooms
D:13:     layout_basic, special_room [special_room_bee], serial_shops,
          nicolae_shop_crystal, lightli_corner_chamber
D:14:     layout_irregular_city, david_vaults_4, lemuel_coloured_pillars_altar,
          serial_shops, bzr_entry_dummy, uniq_azrael, uniq_rupert
D:15:     hangedman_depths_entry_civil_slaughter, layout_basic, special_room
          [special_room_orc]
Lair:1:   dreamdust_labyrinth, layout_hall_layers, kennysheep_snail_temple,
          grunt_megastairs_2
Lair:2:   layout_concentric_octagons, minmay_shoals_entry_centaurs,
          grunt_megastairs_1, infiniplex_staircase_pool, uniq_gastronok
Lair:3:   layout_loops_ring, nicolae_spider_entry_tight_spaces,
          kennysheep_basilisk_garden
Lair:4:   statuecave_lemuel, layout_hall_layers, slime_entry_1,
          serial_bayou_pond_b, beast_lair_carwin_10
Lair:5:   wormcave, layout_regular_city, hangedman_lair_in_review,
          lemuel_fruit_tree
Shoals:1: layout_shoals, gammafunk_ghost_tricky_traps
Shoals:2: layout_shoals, wheals_shoals_ruined_temple
Shoals:3: layout_shoals
Shoals:4: shoals_end_hellmonk_lost_city
Spider:1: layout_spider_delve, gammafunk_ghost_mausoleum
Spider:2: layout_spider_delve
Spider:3: layout_spider_delve
Spider:4: floodkiller_spider_rune_tomb
Slime:1:  layout_caves, cheibrodos_slime_lost_civilization_7
Slime:2:  layout_caves
Slime:3:  layout_caves, nicolae_slime_barrier, uniq_dissolution
Slime:4:  layout_caves
Slime:5
Orc:1:    layout_diamond_mine, basic_altar, ebering_ghost_inner_flame,
          nicolae_shop_gadgets
Orc:2:    grunt_orc_gardens, layout_caves, grunt_orc_garden, grunt_orc_garden,
          grunt_orc_garden, grunt_orc_garden, serial_shops, shop,
          nicolae_orc_lava_tube, mines1_david
Vaults:1: nicolae_vaults_network_s, grunt_vaults_bifocal,
          vaults_standard_mumra_x, nicolae_vaults_ninety_degrees, v_misc_23,
          v_misc_2, layout_vaults_quadrants, serial_shops, statue_bzr
Vaults:2: gammafunk_ghost_grave, hangedman_vaults_snaps, ontoclasm_vaults_fault,
          v_misc_19, nicolae_vaults_network_barrier,
          nicolae_vaults_angled_halls, v_misc_4, vaults_room_large_hall,
          v_misc_12, grunt_vaults_diagonal, nicolae_vaults_specimen_jars,
          layout_vaults_chaotic_city, serial_shops, shop
Vaults:3: ebering_ghost_disaster_area, vaults_standard_mumra_lines,
          vaults_dpeg_hooks, minmay_crypt_entry_simple_walls,
          hangedman_vaults_slither, ontoclasm_vaults_decontamination,
          nicolae_vaults_little_ls, vaults_mumra_chevron,
          hangedman_vaults_corner, nicolae_vaults_circle_grid_b, v_misc_2,
          v_alt_pattern_1, layout_vaults_maze_bifur
Vaults:4: ebering_ghost_gozag, hangedman_vaults_stagger,
          hangedman_vaults_restitches, v_misc_12, nicolae_vaults_circle_grid_a,
          v_misc_19, vaults_room_guarded_vault, vaults_dpeg_cross,
          grunt_vaults_funnel, ontoclasm_vaults_hangar, dpeg_vaults_monster_row,
          grunt_vaults_hallway_long, grunt_vaults_hallway_short,
          nicolae_vaults_alarming, layout_vaults_omnicross, serial_shops,
          nicolae_shop_bloodbath_and_beyond
Depths:1: layout_basic, grunt_metal_band, nicolae_sif_muna_condensation,
          minivault_15, minmay_door_square, hangedman_abyss_or_decor_stabs,
          skrybe_limestone_x, kennysheep_generic_room_14, serial_bayou_shore_b,
          uniq_aizul, uniq_mara
Depths:2: minmay_crescents, layout_basic, rand_demon_pan_entry_8, serial_bayou,
          serial_bayou_shore_a, serial_bayou_pond_a, serial_bayou_crossing,
          serial_bayou_lagoon_b, pf_coc_iceberg, serial_shops, shop,
          cheibrodos_ashenzari_chains, minmay_staircase_windowed_large
Depths:3: kennysheep_funnel, layout_cave_pools, hangedman_abyss_entry_splay,
          hell_entry, roderic_roman_lattice, uniq_sojobo, uniq_parghit
Depths:4: grunt_x_marks_the_spot, layout_twisted_cross, enter_ziggurat_e,
          hangedman_decor_peaks_small, hell_entry, tgw_lugonu_bribe
Zot:1:    layout_onion_interference, evilmike_ambush
          [evilmike_ambush_outer_basic, evilmike_ambush_inner_basic],
          uniq_tiamat
Zot:2:    layout_basic
Zot:3:    layout_gridville, hellmonk_ghost_happy_afterlife
Zot:4:    layout_onion_interference
Zot:5:    layout_gridville

Skill      XL: |  1  2  3  4  5  6  7  8  9 10 11 12 13 14 15 16 17 18 19 20 21 22 23 24 25 26 27 |
---------------+----------------------------------------------------------------------------------+-----
Spellcasting   | 3 4 5 6 7 8 9 10 11 12 13 14 15 17 18 22 | 22.2
Fighting       | 4 5 6 8 9 10 11 13 14 15 16 17 18 | 18.8
Armour         | 2 5 6 |  6.6
Dodging        | 2 5 6 7 15 18 | 18.4
Polearms       | 7 8 12 13 14 | 14.0
Shields        | 3 10 11 12 13 14 15 | 15.8
Evocations     | 3 7 8 10 11 | 11.8
Stealth        | 4 7 9 10 11 12 | 12.7
Long Blades    | |  2.6

Action                   |  1- 3 |  4- 6 |  7- 9 | 10-12 | 13-15 | 16-18 | 19-21 | 22-24 | 25-27 || total
-------------------------+-------+-------+-------+-------+-------+-------+-------+-------+-------++-------
Melee: Falchion          |    45 |    17 |       |       |       |       |       |       |       ||    62
       Punch             |       |     2 |       |       |       |       |       |       |       ||     2
       Halberd           |       |    14 |   140 |   238 |       |       |       |       |       ||   392
       Spear             |       |       |       |    38 |  1041 |   285 |       |       |       ||  1364
       Trident           |       |       |       |       |       |   868 |   661 |   394 |       ||  1923
       Staff             |       |       |       |       |       |       |       |     3 |    23 ||    26
       Demon trident     |       |       |       |       |       |       |       |     2 |   333 ||   335
 Cast: Scorch            |    12 |     6 |    76 |    14 |       |       |       |       |       ||   108
       Sandblast         |     7 |    51 |    29 |    52 |   108 |    93 |    62 |    20 |     2 ||   424
       Summon Ice Beast  |       |       |     6 |    22 |    75 |    70 |     4 |     1 |       ||   178
       Olgreb's Toxic Ra |       |       |       |    41 |    90 |   150 |    17 |     3 |     1 ||   302
       Wereblood         |       |       |       |       |     2 |     1 |       |       |     1 ||     4
       Metabolic Englaci |       |       |       |       |     4 |     9 |     2 |       |     5 ||    20
       Simulacrum        |       |       |       |       |       |    22 |   206 |    55 |   154 ||   437
       Statue Form       |       |       |       |       |       |       |    46 |    13 |    44 ||   103
       Enfeeble          |       |       |       |       |       |       |     3 |     3 |    13 ||    19
       Lehudib's Crystal |       |       |       |       |       |       |       |    18 |   313 ||   331
       Discord           |       |       |       |       |       |       |       |       |    21 ||    21
       Borgnjor's Revivi |       |       |       |       |       |       |       |       |     1 ||     1
Invok: Fiery Armour      |       |       |       |     1 |       |       |     4 |     1 |     4 ||    10
Evoke: Wand              |       |       |       |     1 |    11 |    29 |     3 |    11 |     3 ||    58
       Box of beasts     |       |       |       |       |     2 |     1 |     2 |     1 |     3 ||     9
       Condenser vane    |       |       |       |       |       |     1 |     3 |     1 |     2 ||     7
       Lightning rod     |       |       |       |       |       |       |       |     1 |     2 ||     3
  Use: Potion            |       |     2 |     1 |     3 |     2 |     5 |     4 |     3 |    24 ||    44
       Scroll            |       |     7 |     6 |    10 |     7 |     5 |     8 |    15 |    16 ||    74
 Stab: Invisible         |       |       |       |       |     5 |     1 |       |     2 |     1 ||     9
       Distracted        |       |       |       |       |     3 |     3 |     8 |     2 |     7 ||    23
       Paralysed         |       |       |       |       |     1 |    15 |       |       |       ||    16
       Sleeping          |       |       |       |       |       |       |     3 |     3 |     1 ||     7
Armor: Robe              |    22 |       |       |       |       |       |       |       |    57 ||    79
       Ring mail         |       |    10 |   103 |   172 |   277 |   522 |    42 |    65 |       ||  1191
       Skin              |       |       |       |       |       |       |   285 |   193 |   263 ||   741
Dodge: Dodged            |    47 |    24 |   138 |   256 |   223 |   342 |   266 |   145 |   316 ||  1757
Block: Kite shield       |       |       |       |     5 |   320 |   573 |   425 |   255 |   513 ||  2091

Table legend: (Time is in decaauts)
 A = Elapsed time spent in this place.
 B = Non-inter-level travel time spent in this place.
 C = Inter-level travel time spent in this place.
 D = Time resting spent in this place.
 E = Time spent auto-exploring this place.
 F = Levels seen in this place.
 G = Mean time per level.
                   A        B        C        D        E       F      G
               +--------+--------+--------+--------+--------+-----+--------+
         Total |  75955 |  72049 |   3906 |  18600 |  34190 |  54 | 1406.6 |
       Dungeon |  23611 |  21895 |   1716 |   5906 |  12573 |  15 | 1574.1 |
          Lair |  12029 |  11455 |    574 |   3424 |   6278 |   5 | 2405.8 |
        Shoals |   2928 |   2796 |    132 |    174 |    751 |   4 |  732.0 |
   Spider Nest |   7264 |   6947 |    317 |   2549 |   2434 |   4 | 1816.0 |
    Slime Pits |    825 |    770 |     55 |    223 |      0 |   5 |  165.0 |
  Orcish Mines |   3866 |   3721 |    145 |   1627 |   1431 |   2 | 1933.0 |
        Vaults |   7637 |   7328 |    309 |    719 |   4350 |   4 | 1909.2 |
        Depths |   8350 |   7893 |    457 |   1869 |   3634 |   4 | 2087.5 |
           Zot |   6878 |   6680 |    198 |   1321 |   2296 |   5 | 1375.6 |
         Abyss |    844 |    844 |      0 |    284 |      0 |   2 |  422.0 |
        Bazaar |    340 |    340 |      0 |      0 |    212 |   2 |  170.0 |
       Ossuary |    246 |    246 |      0 |      0 |     78 |   1 |  246.0 |
        Bailey |   1130 |   1130 |      0 |    502 |    152 |   1 | 1130.0 |
               +--------+--------+--------+--------+--------+-----+--------+

Top non-repeatable levels by time:
  Lair:5: 4724 daAuts
Depths:2: 3734 daAuts
  Lair:1: 2533 daAuts
     D:5: 2516 daAuts
Spider:2: 2467 daAuts
   Orc:2: 2357 daAuts
    D:15: 2263 daAuts
Vaults:2: 2220 daAuts
   Zot:4: 2130 daAuts
     D:6: 2115 daAuts
Vaults:1: 2092 daAuts
     D:1: 1940 daAuts
  Lair:3: 1904 daAuts
Spider:1: 1856 daAuts
     D:3: 1847 daAuts
